 Dungeon Crawl Stone Soup version 0.23-a0-667-gc184e93 (console) character file.

116 Duffy the Conjurer (level 4, -4/45 HPs)
             Began as a Demonspawn Fire Elementalist on Jan 8, 2019.
             Slain by a gnoll
             ... wielding a +0 flail
              (11 damage)
             ... on level 3 of the Dungeon.
             The game lasted 00:03:15 (2327 turns).

Duffy the Conjurer (Demonspawn Fire Elementalist)   Turns: 2327, Time: 00:03:15

Health: -4/45      AC:  4    Str: 13    XL:     4   Next: 70%
Magic:  4/8        EV: 12    Int: 18    God:
Gold:   133        SH:  0    Dex: 13    Spells: 4/8 levels left

rFire    . . .     SeeInvis .   i - +0 dagger
rCold    . . .     Gourm    .   (no shield)
rNeg     . . .     Faith    .   a - +0 robe
rPois    .         Spirit   .   (no helmet)
rElec    .         Reflect  .   (no cloak)
rCorr    .         Harm     .   f - +0 pair of gloves
MR       .....                  q - +0 pair of boots
Stlth    ..........             (no amulet)
HPRegen  0.15/turn              (no ring)
MPRegen  0.11/turn              (no ring)

@: mighty, berserking, lethally poisoned (-4 -> -25), very slightly
contaminated, slowed
A: nightstalker 1
a: no special abilities


You were on level 3 of the Dungeon.
You were not hungry.

You visited 1 branch of the dungeon, and saw 3 of its levels.

You collected 133 gold pieces.

Inventory:

Hand Weapons
 i - a +0 dagger (weapon)
Armour
 a - a +0 robe (worn)
 f - a +0 pair of gloves (worn)
 q - a +0 pair of boots (worn)
Scrolls
 b - a scroll of blinking {unknown}
 d - a scroll of amnesia {unknown}
 g - 2 scrolls of noise
 h - a scroll of teleportation
 j - 6 scrolls of remove curse
 o - a scroll of fear {unknown}
Potions
 e - a potion of flight
 k - a potion of mutation
Comestibles
 c - 4 rations
 m - 6 chunks of flesh


   Skills:
 - Level 1.7 Dodging
 - Level 1.7 Stealth
 + Level 2.7 Spellcasting
 + Level 3.4 Conjurations
 + Level 3.3 Fire Magic


You had 4 spell levels left.
You knew the following spells:

 Your Spells              Type           Power        Failure   Level  Hunger
h - Flame Tongue          Conj/Fire      ##...        4%          1    #......
l - Conjure Flame         Conj/Fire      ##......     12%         3    ###....

Your spell library contained the following spells:

 Spells                   Type           Power        Failure   Level  Hunger
 Throw Flame              Conj/Fire      ##....       6%          2    ##.....
 Inner Flame              Hex/Fire       #.......     26%         3    ###....
 Sticky Flame             Conj/Fire      ##......     38%         4    #####..
 Fireball                 Conj/Fire      ##........   75%         5    ######.


Dungeon Overview and Level Annotations

Branches:
Dungeon (3/15)

Altars:

Annotations:
D:2 exclusions: adder, jackal and 1 more exclusion


Innate Abilities, Weirdness & Mutations

You are slightly more attuned to the shadows.


Message History

You feel yourself moving faster!
You feel mighty!
Your surroundings suddenly seem different.
You feel very sick.
An orc priest comes into view. It is wielding a +0 trident.
The orc priest shouts!
The orc shouts!
A gnoll comes into view.
The gnoll shouts!
A gnoll comes into view. It is wielding a +0 flail.
The gnoll shouts!
A gnoll comes into view. It is wielding a +0 flail.
The gnoll shouts!
An adder comes into view.
The adder hisses angrily.
You hear a shout!
A bat comes into view. x2
The bat hits you.
An orc comes into view. It is wielding a +0 mace.
The bat hits you but does no damage.
A giant cockroach comes into view.
The gnoll hits you with a +0 flail!
You die...

.##....###
..#.....##
#.#S.....#
#........#
.###..$g.....
?....gg......
#@bb...s
#....o..
........
.....o... #.#
##.o......
#.# #.#......
#.# .....####
#.# ..>. #.#
#..#


You could see an orc priest, 3 gnolls, an adder, 2 orcs, a giant cockroach and 2
bats.

Vanquished Creatures
  2 orc wizards (D:3)
  An adder (D:2)
  A worm (D:2)
  2 dart slugs (D:1)
  2 orcs (D:3)
  4 bats
  3 giant cockroaches (D:1)
  6 goblins
  8 hobgoblins
  3 jackals (D:2)
  2 giant cockroach zombies (D:1)
  3 kobolds (D:1)
  3 rats
40 creatures vanquished.

Notes
Turn   | Place    | Note
-------+----------+-------------------------------------------
     0 | D:1      | Duffy the Demonspawn Fire Elementalist began the quest for
                  | the Orb.
     0 | D:1      | Reached XP level 1. HP: 13/13 MP: 3/3
   593 | D:1      | Gained mutation: You are slightly more attuned to the
                  | shadows. [demonic ancestry]
   593 | D:1      | Reached XP level 2. HP: 19/19 MP: 1/5
  1472 | D:2      | Reached XP level 3. HP: 24/24 MP: 0/6
  1486 | D:2      | Learned a level 3 spell: Conjure Flame
  2292 | D:3      | Reached XP level 4. HP: 15/30 MP: 0/7
  2327 | D:3      | Slain by a gnoll

Vault maps used:
D:1:      saegor_arrival_fortress
D:3:      cheibrodos_sewer_entry_drain, first_ration

Skill      XL: |  1  2  3 |
---------------+----------+-----
Conjurations   | 2 3 |  3.4
Fire Magic     | 3 |  3.3
Dodging        | |  1.7
Stealth        | |  1.7
Spellcasting   | |  2.7

Action                   |  1- 3 |  4- 6 || total
-------------------------+-------+-------++-------
Melee: Dagger            |     9 |     7 ||    16
 Cast: Flame Tongue      |    67 |       ||    67
  Use: Scroll            |     7 |     1 ||     8
       Potion            |     1 |     2 ||     3
  Eat: Chunk             |     5 |       ||     5
Armor: Robe              |    10 |     2 ||    12
Dodge: Dodged            |    18 |     2 ||    20

Table legend:
 A = Non-vault XP
 B = Vault XP
 C = Vault XP percentage of total XP
 D = Non-vault monster count
 E = Vault monster count
 F = Vault count percentage of total count
                 A         B        C        D         E       F
            +---------+---------+-------+---------+---------+-------
      Total |     165 |       2 |   1.2 |      38 |       2 |   5.0
            +---------+---------+-------+---------+---------+-------
        D:1 |      25 |       2 |   7.4 |      13 |       2 |  13.3
        D:2 |      45 |       0 |   0.0 |      17 |       0 |   0.0
        D:3 |      95 |       0 |   0.0 |       8 |       0 |   0.0
            +---------+---------+-------+---------+---------+-------
